 Dungeon Crawl Stone Soup version 0.20.1-1-g8b1a95d (webtiles) character file.

21 dohliylev the Sneak (level 2, 0/19 HPs)
             Began as a Vampire Enchanter on Dec 15, 2017.
             Slain by a goblin
             ... wielding a +0 club
              (4 damage)
             ... on level 1 of the Dungeon.
             The game lasted 00:04:13 (1160 turns).

dohliylev the Sneak (Vampire Enchanter)             Turns: 1160, Time: 00:04:14

Health: 0/19       AC:  2    Str:  7    XL:     2   Next: 65%
Magic:  0/5        EV: 13    Int: 17    God:
Gold:   22         SH:  0    Dex: 14    Spells: 2/5 levels left

rFire    . . .     SeeInvis +   a - +1 dagger
rCold    . . .     Gourm    .   (no shield)
rNeg     + . .     Faith    .   b - +0 robe
rPois    .         Spirit   .   (no helmet)
rElec    .         Reflect  .   (no cloak)
rCorr    .         Harm     .   (no gloves)
MR       .....                  (no boots)
Stlth    +++.......             (no amulet)
Regen    0.1/turn               (no ring)
MPRegen  0.1/turn               (no ring)

@: very slightly contaminated
A: fangs 3, see invisible, unbreathing
a: no special abilities


You were on level 1 of the Dungeon.
You were not thirsty.

You visited 1 branch of the dungeon, and saw 1 of its levels.

You collected 22 gold pieces.

Inventory:

Hand Weapons
 a - a +1 dagger (weapon)
Armour
 b - a +0 robe (worn)
Scrolls
 f - a scroll of immolation {unknown}
 g - 2 scrolls of identify {unknown}
 i - 3 scrolls of teleportation {unknown}
 j - a scroll of noise {unknown}
Potions
 d - 2 potions of blood
 e - 2 potions of curing {unknown}
 h - a potion of resistance {unknown}
Books
 c - a book of Maledictions

   Spells                             Type                      Level
   a - Corona                         Hexes                        1
   b - Ensorcelled Hibernation        Hexes/Ice                    2
   c - Confuse                        Hexes                        3
   d - Tukima's Dance                 Hexes                        3
   e - Dazzling Spray                 Conjuration/Hexes            3


   Skills:
 + Level 0.1 Fighting
 - Level 1.1 Short Blades
 * Level 2.6 Dodging
 + Level 5.4 Stealth
 - Level 2.0 Spellcasting
 - Level 4.4 Hexes
 + Level 0.4 Ice Magic


You had 2 spell levels left.
You knew the following spells:

 Your Spells              Type           Power        Failure   Level  Hunger
a - Corona                Hex            ###....      3%          1    #......
b - Ensorcelled Hibernat  Hex/Ice        #.....       11%         2    ###....


Dungeon Overview and Level Annotations

Branches:
Dungeon (1/15)

Altars:


Innate Abilities, Weirdness & Mutations

You have razor-sharp teeth.
You have supernaturally acute eyesight. (SInv)
You can survive without breathing.


Message History

The goblin shouts!
The goblin barely misses you.
A bat comes into view.
The bat moves out of view.
The goblin misses you.
Casting: Ensorcelled Hibernation
Confirm with . or Enter, or press ? or * to list all spells.
Aiming: Ensorcelled Hibernation
Press: ? - help, Shift-Dir - straight line, f - goblin, p - gnoll
Aim: a goblin, wielding a club (chance to defeat MR: 58%)
You miscast Ensorcelled Hibernation.
You are very lightly contaminated with residual magic.
Nothing appears to happen.
The goblin barely misses you.
Casting: Ensorcelled Hibernation
Confirm with . or Enter, or press ? or * to list all spells.
Aiming: Ensorcelled Hibernation
Press: ? - help, Shift-Dir - straight line, f/p - goblin
Aim: a goblin, wielding a club (chance to defeat MR: 58%)
The goblin resists with significant effort.
The bat closely misses you. The goblin hits you with a club.
You die...

#.#####.########.#
#.# #r# #.# ##.## #.#
#.# ########...####.#
##.#
#.......)...>...#
#...
#.######...######
#... #.# ##.## #...
#.# #b# ##.. #.# #@#
#.. #.# #g# #.. #.#
#r########## #.# #.#
#g.......... .... #.#
#........... .....
#.# #.........#
####.# #.#
#.........# .
#.#######.........#
#.
#.......#.........###


You could see a gnoll, a goblin, a bat and a rat.

Vanquished Creatures
  2 dart slugs (D:1)
  2 leopard geckos (D:1)
  A giant cockroach (D:1)
  4 goblins (D:1)
  5 frilled lizards (D:1)
  2 kobolds (D:1)
  A rat (D:1)
17 creatures vanquished.

Notes
Turn   | Place    | Note
-------+----------+-------------------------------------------
     0 | D:1      | dohliylev the Vampire Enchanter began the quest for the Orb.
     0 | D:1      | Reached XP level 1. HP: 13/13 MP: 3/3
   623 | D:1      | Reached skill level 5 in Stealth
   714 | D:1      | Reached XP level 2. HP: 12/19 MP: 3/5
   718 | D:1      | Learned a level 2 spell: Ensorcelled Hibernation
  1160 | D:1      | Slain by a goblin

Skill      XL: |  1 |
---------------+----+-----
Stealth        | 5 |  5.4
Fighting       | |  0.1
Short Blades   | |  1.1
Dodging        | |  2.6
Spellcasting   | |  2.0
Hexes          | |  4.4
Ice Magic      | |  0.4

Action                   || total
-------------------------++-------
Melee: Dagger            ||    60
       Bite              ||     2
 Cast: Corona            ||     8
       Ensorcelled Hiber ||    12
 Stab: Sleeping          ||     4
  Eat: Corpse            ||     5
Armor: Robe              ||     5
Dodge: Dodged            ||    40
